 Dungeon Crawl Stone Soup version 0.31.0-11-ge490571c62 (webtiles) character file.

Game seed: 13124720944210912551

2388 Gobbopathe the Cleaver (level 9, -2/74 HPs)
             Began as a Gnoll Cinder Acolyte on Feb 1, 2024.
             Was a High Priest of Ignis.
             Slain by a hornet (10 damage)
             ... on level 7 of the Dungeon.
             The game lasted 00:23:57 (6491 turns).

Gobbopathe the Cleaver (Gnoll Cinder Acolyte)       Turns: 6491, Time: 00:23:58

Health: -2/74      AC: 10    Str: 18    XL:     9   Next: 46%
Magic:  11/17      EV: 10    Int: 13    God:    Ignis [*****.]
Gold:   338        SH:  8    Dex:  8    Spells: 13/18 levels left

rFire   + . .        a - +0 war axe
rCold   . . .        x - +0 kite shield
rNeg    . . .        J - +0 ring mail
rPois   .            o - +2 hat
rElec   .            (no cloak)
rCorr   .            G - +0 pair of gloves
SInv    .            E - +0 pair of boots
Will    .....        (no amulet)
Stlth   ++           A - ring of wizardry
HPRegen 0.32/turn    (no ring)
MPRegen 0.15/turn

%: wizardry (x1)
@: slowed, very slow
A: fangs 1, strong nose, distributed training
a: Renounce Religion, Fiery Armour, Foxfire Swarm, Rising Flame


You were on level 7 of the Dungeon.
You worshipped Ignis.
Ignis was extremely pleased with you.
You visited 2 branches of the dungeon, and saw 8 of its levels.

You collected 338 gold pieces.

Inventory:

Hand Weapons
 a - a +0 war axe (weapon)
 b - a +0 sling
 j - a -1 hand axe of flaming
 r - a +0 shortbow
Missiles
 c - 72 stones (quivered)
 y - a boomerang
 z - a throwing net
 I - 4 atropa-tipped darts
Armour
 o - a +2 hat (worn)
 x - a +0 kite shield (worn)
 E - a +0 pair of boots (worn)
 G - a +0 pair of gloves (worn)
 J - a +0 ring mail (worn)
Magical Staves
 w - a staff of cold
 C - a staff of air
Jewellery
 A - a ring of wizardry (left hand)
Wands
 B - a wand of flame (26)
 H - a wand of paralysis (6)
Scrolls
 d - 2 scrolls of fear {unknown}
 f - 2 scrolls of teleportation {unknown}
 g - 2 scrolls of amnesia {unknown}
 l - a scroll of blinking {unknown}
 m - a scroll of enchant weapon {unknown}
 p - 2 scrolls of brand weapon {unknown}
 u - a scroll of revelation {unknown}
 v - a scroll of enchant armour {unknown}
 D - a scroll of fog {unknown}
Potions
 e - 4 potions of cancellation {unknown}
 h - 4 potions of enlightenment
 i - 2 potions of heal wounds {unknown}
 k - 3 potions of brilliance
 n - 2 potions of resistance
 q - 4 potions of curing
 s - a potion of lignification {unknown}
 t - 2 potions of attraction {unknown}
 F - a potion of mutation {unknown}


   Skills:
 + Level 8.0 Fighting
 + Level 4.4 Short Blades
 + Level 4.4 Long Blades
 + Level 8.0 Axes
 + Level 4.4 Maces & Flails
 + Level 4.4 Polearms
 + Level 4.4 Staves
 + Level 4.4 Ranged Weapons
 + Level 4.4 Throwing
 + Level 4.4 Armour
 + Level 4.4 Dodging
 + Level 4.4 Stealth
 + Level 4.4 Shields
 + Level 4.4 Unarmed Combat
 + Level 5.3 Spellcasting
 + Level 3.6 Conjurations
 + Level 3.6 Hexes
 + Level 3.6 Summonings
 + Level 3.6 Necromancy
 + Level 3.6 Translocations
 + Level 6.6 Fire Magic
 + Level 3.6 Ice Magic
 + Level 3.6 Air Magic
 + Level 3.6 Earth Magic
 + Level 3.6 Alchemy
 + Level 4.9 Invocations
 + Level 4.4 Evocations
 + Level 4.0 Shapeshifting


You had 13 spell levels left.
You knew the following spells:

 Your Spells              Type           Power      Damage    Failure   Level
a - Scorch                Fire           40%        2d6       3%          2
b - Inner Flame           Hex/Fire       16%        N/A       12%         3

Your spell library contained the following spells:

 Spells                   Type           Power      Damage    Failure   Level
 Ensorcelled Hibernation  Hex/Ice        26%        N/A       11%         2
 Fugue of the Fallen      Necr           13%        N/A       21%         3
 Summon Ice Beast         Ice/Summ       13%        N/A       21%         3
 Anguish                  Hex/Necr       6%         N/A       52%         4
 Irradiate                Conj/Alch      6%         3d13      86%         5
 Summon Mana Viper        Hex/Summ       13%        N/A       86%         5
 Monstrous Menagerie      Summ           6%         N/A       100%        7
 Ignition                 Fire           10%        3d5       100%        8


Dungeon Overview and Level Annotations

Branches:
Dungeon (7/15) Zot: 26333  Temple (1/1) D:5 Zot: 5998

Altars:
Cheibriados
Dithmenos
Elyvilon
Fedhas
Hepliaklqana
Kikubaaqudgha
Makhleb
Nemelex Xobeh
Okawaru
Qazlal
Sif Muna
Trog
Vehumet
Wu Jian
Yredelemnul
Zin
The Shining One

Annotations:
D:4 Duvessa
D:5 2 runed translucent doors, 7tar4e's ghost, amateur TrFi


Innate Abilities, Weirdness & Mutations

You have very sharp teeth.
Your uncanny sense of smell can sniff out nearby items.
Your experience applies equally to all skills.


Message History

You block the black bear's attack.
The black bear claws you but does no damage.
Casting: Scorch (safe; 3% risk of failure)
Confirm with . or Enter, or press ? or * to list all spells.
Flames lash the black bear.
The black bear is moderately wounded.
The black bear's fire resistance burns away.
You feel sick. You block the hornet's attack. The black bear bites you.
* * * LOW HITPOINT WARNING * * *
The black bear closely misses you. The black bear barely misses you.
The hornet stings you but does no damage.
You feel better. The hornet misses you. The black bear closely misses you.
The black bear claws you but does no damage.
You block the black bear's attack. The hornet stings you!
* * * LOW HITPOINT WARNING * * *
You feel as though you will be slow longer.
The black bear bites you.
* * * LOW HITPOINT WARNING * * *
The black bear closely misses you. The black bear claws you.
* * * LOW HITPOINT WARNING * * *
You feel better.
The black bear is no longer more vulnerable to fire.
The hornet stings you but does no damage.
You block the hornet's attack.
The black bear bites you but does no damage.
The black bear claws you.
* * * LOW HITPOINT WARNING * * *
The black bear closely misses you. The hornet stings you.
* * * LOW HITPOINT WARNING * * *
You feel as though you will be slow longer.
Casting: Scorch (safe; 3% risk of failure)
Confirm with . or Enter, or press ? or * to list all spells.
Flames lash the hornet.
The hornet is almost dead.
The hornet's fire resistance burns away.
The black bear bites you.
* * * LOW HITPOINT WARNING * * *
The black bear claws you but does no damage.
You block the black bear's attack. The hornet stings you!
You die...

.#####.#..........)..###.##......
.#####.#.#########...# ####.##.##
.......#.# #...# #.##.##
########.#### #...######.##...
.####.......# #..........####.
......##.##.######...####........
......[...#...................[..
...##..<.).....[.h..........####.
.. #............@y.........## #.
............######.........# #.
.##.......#.# #...###########.
#.......#.# #...# #....
##........# #...# #.##.
##...##### #...# #.##. ##.##
#...# #.### #. ######.### #....
#.........# #####


You could see a hornet (combustible) and a black bear.

Vanquished Creatures
  Sigmund (D:3)
  A steam dragon (D:5)
  2 water moccasins
  2 sky beasts (D:6)
  An ice beast (D:5)
  3 black bears
  2 ogres
  2 centaurs (D:6)
  A phantom (D:5)
  A scorpion (D:7)
  2 howler monkeys
  A bombardier beetle (D:4)
  A hound (D:5)
  3 orc priests
  2 jellies
  4 iguanas
  6 orc wizards
  Natasha (thrice) (D:3)
  A sleepcap (D:7)
  2 adders
  6 gnolls
  5 white imps
  4 ufetubi
  A ribbon worm (D:2)
  23 orcs
  6 endoplasms
  2 giant cockroaches
  5 goblins
  7 hobgoblins
  7 kobolds
  8 ball pythons
  3 bats
  A frilled lizard (D:2)
  A rat (D:3)
  A butterfly (D:5)
121 creatures vanquished.

Notes
Turn   | Place    | Note
-------+----------+-------------------------------------------
     0 | D:1      | Gobbopathe the Gnoll Cinder Acolyte began the quest for the
                  | Orb.
     0 | D:1      | Reached XP level 1. HP: 23/23 MP: 4/4
    64 | D:1      | Found a faded altar of an unknown god.
   292 | D:1      | Reached XP level 2. HP: 26/29 MP: 5/5
   295 | D:1      | Learned a level 2 spell: Scorch
  1101 | D:2      | Reached XP level 3. HP: 35/35 MP: 7/7
  1309 | D:1      | Reached skill level 1 in Invocations
  1454 | D:2      | You fall into a shaft and drop 1 floor!
  1731 | D:3      | Noticed Sigmund
  1908 | D:3      | Reached skill level 1 in Short Blades
  1908 | D:3      | Reached skill level 1 in Long Blades
  1908 | D:3      | Reached skill level 1 in Maces & Flails
  1908 | D:3      | Reached skill level 1 in Polearms
  1908 | D:3      | Reached skill level 1 in Staves
  1908 | D:3      | Reached skill level 1 in Ranged Weapons
  1908 | D:3      | Reached skill level 1 in Throwing
  1908 | D:3      | Reached skill level 1 in Armour
  1908 | D:3      | Reached skill level 1 in Dodging
  1908 | D:3      | Reached skill level 1 in Stealth
  1908 | D:3      | Reached skill level 1 in Shields
  1908 | D:3      | Reached skill level 1 in Unarmed Combat
  1908 | D:3      | Reached skill level 1 in Evocations
  2127 | D:3      | Reached skill level 1 in Shapeshifting
  2127 | D:3      | Reached XP level 4. HP: 41/41 MP: 8/8
  2320 | D:3      | Noticed Natasha
  2329 | D:3      | Killed Natasha
  2330 | D:3      | Reached skill level 1 in Conjurations
  2330 | D:3      | Reached skill level 1 in Hexes
  2330 | D:3      | Reached skill level 1 in Summonings
  2330 | D:3      | Reached skill level 1 in Necromancy
  2330 | D:3      | Reached skill level 1 in Translocations
  2330 | D:3      | Reached skill level 1 in Ice Magic
  2330 | D:3      | Reached skill level 1 in Air Magic
  2330 | D:3      | Reached skill level 1 in Earth Magic
  2330 | D:3      | Reached skill level 1 in Alchemy
  2333 | D:3      | Noticed Natasha
  2432 | D:3      | Killed Natasha
  2433 | D:3      | Reached XP level 5. HP: 42/47 MP: 2/9
  2511 | D:3      | Found a glowing golden altar of the Shining One.
  2511 | D:3      | Found a snail-covered altar of Cheibriados.
  2716 | D:4      | Noticed an ogre
  2722 | D:4      | Killed an ogre
  2723 | D:4      | Reached XP level 6. HP: 50/53 MP: 2/11
  2786 | D:4      | Noticed Duvessa
  2951 | D:4      | Learned a level 3 spell: Inner Flame
  3084 | D:4      | Found an ornate altar of the Wu Jian Council.
  3336 | D:5      | Entered Level 5 of the Dungeon
  3337 | D:5      | Noticed a black bear
  3413 | D:3      | Noticed Natasha
  3418 | D:3      | Killed Natasha
  3538 | D:3      | Killed Sigmund
  3539 | D:3      | Reached XP level 7. HP: 60/60 MP: 1/12
  3581 | D:5      | Found a staircase to the Ecumenical Temple.
  3587 | Temple   | Entered the Ecumenical Temple
  3731 | D:5      | Noticed a steam dragon
  3742 | D:5      | Killed a steam dragon
  3950 | D:5      | Found a large runed translucent door.
  3950 | D:5      | Found a large runed translucent door.
  3952 | D:5      | Noticed 7tar4e's ghost (amateur TrFi)
  3964 | D:5      | Reached XP level 8. HP: 67/67 MP: 3/14
  5375 | D:6      | Reached XP level 9. HP: 61/73 MP: 10/16
  5423 | D:6      | Reached skill level 5 in Spellcasting
  6239 | D:7      | Found a shadowy altar of Dithmenos.
  6468 | D:7      | Noticed a hornet
  6486 | D:7      | Paralysed by a hornet for 2 turns
  6489 | D:7      | HP: 3/74 [black bear (4)]
  6491 | D:7      | Slain by a hornet

Illustrated notes

Levels and vault maps discovered:
D:1:      dpeg_arrival_simpleton_a, layout_basic,
          shapermc_ecumenical_altar_acropolis
D:2:      layout_basic, serial_glass, glass_columns_b, glass_columns_b
D:3:      minmay_skewed_foursquare, layout_loops_ring,
          gammafunk_temple_overflow_wave, uniq_sigmund, uniq_natasha
D:4:      layout_cave_pools, lemuel_coloured_pillars_altar,
          nicolae_wu_jian_immortal_techniques, serial_park, serial_park_square2,
          serial_park_square1 [serial_park_minivault_5x5_6], serial_park_tiny_2,
          serial_park_tiny_2, serial_park_tiny_1, uniq_duvessa
D:5:      layout_gridville, minmay_temple_entry_butterflies,
          ebering_ghost_disaster_area
D:6:      layout_basic
D:7:      layout_loops_cross, mainiacjoe_overflow_surrounded_room, the_hattery,
          uniq_crazy_yiuf_cottage
Temple:   nicolae_temple_figure_eight

Skill      XL: |  1  2  3  4  5  6  7  8  9 |
---------------+----------------------------+-----
Invocations    | 1 2 3 4 |  4.9
Short Blades   | 1 2 3 4 |  4.4
Long Blades    | 1 2 3 4 |  4.4
Maces & Flails | 1 2 3 4 |  4.4
Polearms       | 1 2 3 4 |  4.4
Staves         | 1 2 3 4 |  4.4
Ranged Weapons | 1 2 3 4 |  4.4
Throwing       | 1 2 3 4 |  4.4
Armour         | 1 2 3 4 |  4.4
Dodging        | 1 2 3 4 |  4.4
Stealth        | 1 2 3 4 |  4.4
Shields        | 1 2 3 4 |  4.4
Unarmed Combat | 1 2 3 4 |  4.4
Evocations     | 1 2 3 4 |  4.4
Shapeshifting  | 1 2 3 4 |  4.0
Spellcasting   | 3 4 5 |  5.3
Conjurations   | 1 2 3 |  3.6
Hexes          | 1 2 3 |  3.6
Summonings     | 1 2 3 |  3.6
Necromancy     | 1 2 3 |  3.6
Translocations | 1 2 3 |  3.6
Ice Magic      | 1 2 3 |  3.6
Air Magic      | 1 2 3 |  3.6
Earth Magic    | 1 2 3 |  3.6
Alchemy        | 1 2 3 |  3.6
Fighting       | 7 8 |  8.0
Axes           | 7 8 |  8.0
Fire Magic     | 6 |  6.6

Action                     |  1- 3 |  4- 6 |  7- 9 || total
---------------------------+-------+-------+-------++-------
  Melee: Hand axe          |    86 |       |       ||    86
         Bite              |     9 |     4 |     9 ||    22
         War axe           |    23 |    40 |   136 ||   199
   Fire: Sling             |       |     6 |     9 ||    15
  Throw: Stone             |     3 |     2 |    13 ||    18
   Cast: Scorch            |       |    29 |    94 ||   123
    Use: Scroll            |       |       |     4 ||     4
         Potion            |       |       |     2 ||     2
   Stab: Sleeping          |     1 |     1 |     2 ||     4
 Armour: Robe              |    55 |    41 |    98 ||   194
         Ring mail         |       |       |    41 ||    41
  Dodge: Dodged            |    76 |    31 |    72 ||   179
  Block: Kite shield       |       |     5 |    63 ||    68
